 Dungeon Sprint DCSS version 0.30-a0-1157-g2cc9ac7196 (webtiles) character file.

Game seed: 2920229066514337762

18358 123456 the Slayer (level 12, -4/137 HPs)
             Began as a Minotaur Fighter on Apr 24, 2023.
             Was an Initiate of Gozag.
             Killed from afar by a shock serpent (23 damage)
             ... with a bolt of electricity
             ... in the Dungeon (Sprint IX: "|||||||||||||||||||||||||||||").
             The game lasted 00:05:38 (2321 turns).

123456 the Slayer (Minotaur Fighter)                Turns: 2321, Time: 00:05:38

Health: -4/137     AC: 27    Str: 30    XL:     12   Next: 27%
Magic:  11/11      EV: 15    Int:  5    God:    Gozag
Gold:   6107       SH:  4    Dex: 10    Spells: 11/11 levels left

rFire   . . .        b - +4 dire flail (holy)
rCold   . . .        (shield currently unavailable)
rNeg    . . .        C - +1 plate armour {Will+}
rPois   .            (helmet restricted)
rElec   .            y - +2 cloak {Will+}
rCorr   .            n - +2 pair of gloves
SInv    .            v - +0 pair of boots
Will    ++...        o - amulet of regeneration Stlth
                     p - +2 ring of evasion
HPRegen 1.22/turn    A - +6 ring of strength
MPRegen 0.12/turn

%: no teleportation
@: gold aura, bribing [the Dungeon]
A: horns 2, retaliatory headbutt, large bone plates 1, clumsy 1
a: Renounce Religion, Potion Petition, Call Merchant, Bribe Branch


You were in the Dungeon.
You worshipped Gozag.
Gozag was greatly pleased with you.
You visited 1 branch You collected 9527 gold pieces.
You spent 420 gold pieces at shops.
You paid 3000 gold pieces to Gozag.

Inventory:

Hand Weapons
 b - a +4 dire flail of holy wrath (weapon)
Armour
 n - a +2 pair of gloves (worn)
 v - a +0 pair of boots (worn)
 y - a +2 cloak of willpower (worn)
 C - a +1 plate armour of willpower (worn)
Jewellery
 o - an amulet of regeneration (around neck)
 p - a +2 ring of evasion (left hand)
 r - a +3 ring of strength
 z - a ring of poison resistance
 A - a +6 ring of strength (right hand)
 B - a ring of ice
Wands
 m - a wand of quicksilver (10)
 w - a wand of flame (8)
Scrolls
 f - a scroll of fear
 j - 3 scrolls of blinking
 l - 2 scrolls of amnesia
 s - a scroll of silence
 t - 2 scrolls of identify
 u - 5 scrolls of fog
Potions
 a - 3 potions of brilliance
 c - 2 potions of resistance
 d - 2 potions of might
 e - a potion of invisibility
 g - 2 potions of haste
 h - 4 potions of magic
 i - 3 potions of berserk rage
 k - 7 potions of curing
 x - a potion of lignification {unknown}


   Skills:
 * Level 21.8 Fighting
 * Level 21.6 Maces & Flails
 + Level 16.0 Armour
 + Level 14.3 Dodging
 - Level 3.6 Shields


You had 11 spell levels left.
You didn't know any spells.
Your spell library contained the following spells:

 Spells                   Type           Power      Damage    Failure   Level
 Necrotise                Necr           0%         1d4       95%         1
 Vampiric Draining        Necr           0%         2d6       100%        3
 Agony                    Necr           0%         N/A       100%        5


Dungeon Overview and Level Annotations

Branches:
Dungeon (1/1)

Altars:
Cheibriados
Dithmenos
Elyvilon
Fedhas
Gozag
Hepliaklqana
Kikubaaqudgha
Makhleb
Nemelex Xobeh
Okawaru
Qazlal
Ru
Sif Muna
Trog
Uskayaw
Vehumet
Wu Jian
Xom
Yredelemnul
Zin
The Shining One
Jiyva
Lugonu

Shops:
D :[=!


Innate Abilities, Weirdness & Mutations

You have a pair of horns on your head.
You reflexively headbutt those who attack you in melee.
You are partially covered in large bone plates. (SH +4)
You are clumsy. (Dex -2)


Message History

The shock serpent's electric aura discharges, shocking you!
* * * LOW HITPOINT WARNING * * *
You sock the shock serpent!
The shock serpent is moderately wounded.
The shock serpent's electric aura discharges, shocking you!
* * * LOW HITPOINT WARNING * * *
You feel sick.
You are no longer poisoned.
You block the shock serpent's attack.
Your naga warrior closely misses the shock serpent.
You hit the shock serpent. Your headbutt misses the shock serpent.
The shock serpent is moderately wounded.
The shock serpent's electric aura discharges, shocking you!
* * * LOW HITPOINT WARNING * * *
The shock serpent bites you.
* * * LOW HITPOINT WARNING * * *
The shock serpent shocks you!
* * * LOW HITPOINT WARNING * * *
You swap places.
The shock serpent bites your naga warrior!
Your naga warrior dies!
The guardian serpent is distracted by your dazzling golden aura.
Things that are here:
144 gold pieces; a +0 short sword Unknown command.
The shock serpent attacks as you move away!
The shock serpent closely misses you.
The shock serpent attacks as you move away!
The shock serpent bites you but does no damage.
The shock serpent bites you.
* * * LOW HITPOINT WARNING * * *
The shock serpent shocks you!
* * * LOW HITPOINT WARNING * * *
Things that are here:
180 gold pieces; a +0 arbalest; a +0 hand axe You feel better.
The shock serpent shoots out a bolt of lightning at you!
The bolt of electricity hits you!!
You die...
Your body crumbles into a pile of gold.

.▓.▓.▓.▓.▓.▓.▓.▓.▓
.▓.▓.▓.▓.▓.▓'▓.▓.▓
)▓.▓.▓.▓.▓.▓.▓.▓.▓
.▓.▓.▓.▓.▓.▓.▓.▓.▓
.▓.▓.▓.▓.▓.▓=▓.▓.▓
.▓.▓.▓.▓'▓.▓.▓.▓.▓
.▓.▓)▓.▓)▓.▓.▓.▓.▓
.▓.▓.▓.▓)▓)▓)▓.▓$▓
'▓.▓.▓.▓)▓.▓)▓.▓@▓
_▓.▓.▓.▓)▓.▓)▓.▓S▓
_▓.▓.▓)▓)▓.▓)▓.▓S▓
_▓.▓.▓.▓)▓.▓)▓.▓$▓
_▓.▓.▓.▓)▓.▓)▓.▓$▓
_▓.▓'▓.▓)▓.▓)▓.▓.▓
_▓.▓.▓.▓)▓.▓)▓.▓S▓
_▓.▓.▓.▓)▓.▓.▓.▓.▓
_▓.▓.▓.▓)▓.▓[▓.▓.▓


You could see a shock serpent, a guardian serpent (unaware) and a black mamba.

Vanquished Creatures
  Erolcha (D)
  3 hydras (D)
  A centaur warrior (D)
  A boulder beetle (D)
  A death yak (D)
  A two-headed ogre (D)
  A tengu warrior (D)
  A shock serpent (D)
  A naga sharpshooter (D)
  A deep troll (D)
  An orc knight (D)
  2 deep elf pyromancers (D)
  An orc sorcerer (D)
  A cyclops (D)
  3 cane toads (D)
  Maurice (D)
  Joseph (D)
  An unseen horror (D)
  A freezing wraith (D)
  5 komodo dragons (D)
  2 trolls (D)
  2 blink frogs (D)
  A wraith (D)
  4 yaks (D)
  A vampire mosquito (D)
  An acid dragon (D)
  3 water moccasins (D)
  6 orc warriors (D)
  3 wolves (D)
  A gnoll sergeant (D)
  6 bullfrogs (D)
  A scorpion (D)
  A killer bee (D)
  4 orc priests (D)
  An iguana (D)
  8 orcs (D)
  An endoplasm (D)
  3 kobolds (D)
  A frilled lizard (D)
79 creatures vanquished.

Vanquished Creatures (collateral kills)
  2 ogre magi (D)
  An anaconda (D)
  A deep troll (D)
  A naga ritualist (D)
  A naga (D)
6 creatures vanquished.

Vanquished Creatures (others)
  A spark wasp (D)
  A fire dragon (D)
  2 ogre magi (D)
  A spriggan air mage (D)
  A naga warrior (D)
  A deep troll shaman (D)
  A deep troll earth mage (D)
  A glowing orange brain (D)
  A yaktaur (D)
  A troll (D)
  A tengu conjurer (D)
  4 orc warriors (D)
  An orc priest (D)
17 creatures vanquished.

Grand Total: 102 creatures vanquished

Notes
Turn   | Place    | Note
-------+----------+-------------------------------------------
     0 | D        | 123456 the Minotaur Fighter began the quest for the Orb.
     0 | D        | Reached XP level 1. HP: 19/19 MP: 0/0
    10 | D        | Reached skill level 1 in Dodging
    63 | D        | Noticed a water moccasin
    63 | D        | Noticed a scorpion
    63 | D        | Noticed an iguana
    69 | D        | Reached XP level 2. HP: 28/28 MP: 1/1
    77 | D        | Killed a water moccasin
    78 | D        | Reached skill level 5 in Armour
    78 | D        | Reached XP level 3. HP: 11/39 MP: 2/2
    78 | D        | Reached XP level 4. HP: 13/47 MP: 3/3
    84 | D        | Killed a scorpion
    85 | D        | Reached XP level 5. HP: 17/53 MP: 4/4
   245 | D        | Found a snail-covered altar of Cheibriados.
   245 | D        | Found a shadowy altar of Dithmenos.
   245 | D        | Found a white marble altar of Elyvilon.
   245 | D        | Found a blossoming altar of Fedhas.
   245 | D        | Found an opulent altar of Gozag.
   246 | D        | Found a hazy altar of Hepliaklqana.
   247 | D        | Found a viscous altar of Jiyva.
   248 | D        | Found an ancient bone altar of Kikubaaqudgha.
   249 | D        | Found a corrupted altar of Lugonu.
   250 | D        | Found a burning altar of Makhleb.
   251 | D        | Found a sparkling altar of Nemelex Xobeh.
   252 | D        | Found an iron altar of Okawaru.
   253 | D        | Found a stormy altar of Qazlal.
   257 | D        | Became a worshipper of Gozag Ym Sagoz the Greedy
   261 | D        | Found a sacrificial altar of Ru.
   262 | D        | Found a shimmering blue altar of Sif Muna.
   263 | D        | Found a bloodstained altar of Trog.
   264 | D        | Found a hide-covered altar of Uskayaw.
   265 | D        | Found a radiant altar of Vehumet.
   266 | D        | Found an ornate altar of the Wu Jian Council.
   267 | D        | Found a shimmering altar of Xom.
   268 | D        | Found a basalt altar of Yredelemnul.
   269 | D        | Found a glowing silver altar of Zin.
   270 | D        | Found a glowing golden altar of the Shining One.
   343 | D        | Noticed a wraith
   343 | D        | Noticed a yak
   343 | D        | Noticed a two-headed ogre
   369 | D        | Killed an unseen horror
   370 | D        | Reached skill level 10 in Fighting
   370 | D        | Reached skill level 10 in Maces & Flails
   370 | D        | Reached XP level 6. HP: 28/67 MP: 5/5
   373 | D        | Reached XP level 7. HP: 32/74 MP: 6/6
   381 | D        | Killed a wraith
   385 | D        | Killed a yak
   390 | D        | Killed a two-headed ogre
   391 | D        | Reached XP level 8. HP: 16/86 MP: 7/7
   397 | D        | Reached skill level 10 in Armour
   606 | D        | Noticed a cyclops
   606 | D        | Noticed a four-headed hydra
   606 | D        | Noticed a four-headed hydra
   606 | D        | Noticed a centaur warrior
   606 | D        | Noticed a deep elf pyromancer
   615 | D        | Killed a cyclops
   618 | D        | Killed a four-headed hydra
   619 | D        | Reached XP level 9. HP: 22/96 MP: 8/8
   621 | D        | HP: 4/96 [four-headed hydra (11)]
   624 | D        | Killed a four-headed hydra
   625 | D        | Reached skill level 15 in Fighting
   625 | D        | Reached skill level 15 in Maces & Flails
   630 | D        | Reached skill level 10 in Dodging
   636 | D        | Killed a centaur warrior
   638 | D        | Killed a deep elf pyromancer
   639 | D        | Reached XP level 10. HP: 37/108 MP: 9/9
   937 | D        | Noticed a death yak
   956 | D        | Killed a death yak
  1074 | D        | Noticed a cane toad
  1085 | D        | Killed a cane toad
  1354 | D        | Noticed a cane toad
  1356 | D        | Noticed a cane toad
  1360 | D        | Killed a cane toad
  1361 | D        | Reached XP level 11. HP: 95/121 MP: 10/10
  1489 | D        | Noticed Maurice
  1503 | D        | Killed Maurice
  1549 | D        | Noticed Erolcha
  1554 | D        | Killed Erolcha
  1684 | D        | Noticed an orc sorcerer
  1687 | D        | Killed an orc sorcerer
  1770 | D        | Noticed an orc high priest
  1779 | D        | Noticed an orc knight
  1795 | D        | Killed an orc knight
  1829 | D        | Found Miuriozu's Book Emporium.
  1829 | D        | Noticed a deep troll
  1829 | D        | Noticed a deep troll
  1829 | D        | Noticed an ogre mage
  1831 | D        | Found Ycoehaz's Armour Shoppe.
  1831 | D        | Noticed an ogre mage
  1836 | D        | Killed a deep troll
  1836 | D        | Killed an ogre mage
  1838 | D        | Found Amipt's Jewellery Emporium.
  1839 | D        | Killed an ogre mage
  1840 | D        | Found Kaezigeg's Distillery.
  1842 | D        | Noticed a deep troll
  1844 | D        | Noticed an ogre mage
  1845 | D        | Noticed an ogre mage
  1846 | D        | Noticed a deep troll
  1849 | D        | Killed an ogre mage
  1851 | D        | Killed a deep troll
  1853 | D        | Killed an ogre mage
  1904 | D        | Bought an amulet of regeneration for 300 gold pieces
  1911 | D        | Bought a potion of curing for 30 gold pieces
  1911 | D        | Bought a potion of curing for 30 gold pieces
  1911 | D        | Bought a potion of curing for 30 gold pieces
  1911 | D        | Bought a potion of curing for 30 gold pieces
  1972 | D        | Noticed Joseph
  1983 | D        | Killed Joseph
  2083 | D        | Gained mutation: You are clumsy. (Dex -2) [potion of
                  | mutation]
  2083 | D        | Gained mutation: You are partially covered in large bone
                  | plates. (SH +4) [potion of mutation]
  2084 | D        | Noticed an eight-headed hydra
  2084 | D        | Noticed a centaur warrior
  2084 | D        | Noticed a boulder beetle
  2084 | D        | Noticed a deep elf pyromancer
  2087 | D        | Killed an eight-headed hydra
  2088 | D        | Reached skill level 15 in Armour
  2089 | D        | Noticed a tengu warrior
  2092 | D        | Noticed a deep troll earth mage
  2095 | D        | Noticed a fire dragon
  2100 | D        | Killed a boulder beetle
  2102 | D        | Noticed a spark wasp
  2105 | D        | Killed a fire dragon
  2106 | D        | Killed a deep elf pyromancer
  2106 | D        | Noticed a glowing orange brain
  2107 | D        | Killed a glowing orange brain
  2107 | D        | Killed a tengu warrior
  2107 | D        | Killed a deep troll earth mage
  2108 | D        | Reached XP level 12. HP: 118/136 MP: 11/11
  2108 | D        | Noticed a spriggan air mage
  2109 | D        | Noticed a frost giant
  2112 | D        | Killed a deep troll shaman
  2116 | D        | Killed a spark wasp
  2299 | D        | Noticed a naga warrior
  2300 | D        | Noticed an anaconda
  2313 | D        | Killed an anaconda
  2321 | D        | Killed from afar by a shock serpent

Illustrated notes

Levels and vault maps discovered:
D:        linesprint [early_d, line_temple, items_1, d_10, items_2, lair_1,
          lair_end, items_3, orc_1, orc_end, items_4, d_15, swamp_1, shoals_1,
          snake_1, spider_1, d_20, vaults_1, items_5, swamp_end, shoals_end,
          snake_end, spider_end, vaults_end, d_27, items_6, zot_1, zot_end,
          crypt_end, forest_end, elf_end, slime_end, tomb_end, abyss_end,
          pan_hell_end]

Skill      XL: |  1  2  3  4  5  6  7  8  9 10 11 12 |
---------------+-------------------------------------+-----
Fighting       | 4 7 8 10 11 13 14 16 18 21 | 21.8
Maces & Flails | 3 6 7 10 13 14 16 18 21 | 21.6
Dodging        | 1 3 4 6 8 9 10 12 13 14 | 14.3
Armour         | 4 5 6 7 8 9 11 12 13 15 16 | 16.0
Shields        | |  3.6

Action                     |  1- 3 |  4- 6 |  7- 9 | 10-12 || total
---------------------------+-------+-------+-------+-------++-------
  Melee: Flail             |    22 |    10 |       |       ||    32
         Headbutt          |     1 |     5 |    11 |    44 ||    61
         Dire flail        |       |    25 |    49 |   191 ||   265
 Invoke: Bribe Branch      |       |       |       |     1 ||     1
    Use: Potion            |     1 |     2 |     1 |     2 ||     6
         Scroll            |       |       |       |     6 ||     6
   Stab: Distracted        |       |       |       |     5 ||     5
 Armour: Scale mail        |     7 |     2 |       |       ||     9
         Chain mail        |       |    33 |    16 |    30 ||    79
         Plate armour      |       |       |       |    10 ||    10
  Dodge: Dodged            |     6 |    15 |    22 |    84 ||   127
  Block: Buckler           |     6 |     2 |       |       ||     8
         Other             |       |       |       |     3 ||     3

Table legend: (Time is in decaauts)
 A = Elapsed time spent in this place.
 B = Non-inter-level travel time spent in this place.
 C = Inter-level travel time spent in this place.
 D = Time resting spent in this place.
 E = Time spent auto-exploring this place.
 F = Levels seen in this place.
 G = Mean time per level.
                   A        B        C        D        E       F      G
               +--------+--------+--------+--------+--------+-----+--------+
         Total |   2232 |   2191 |     41 |    620 |    851 |   1 | 2232.0 |
       Dungeon |   2232 |   2191 |     41 |    620 |    851 |   1 | 2232.0 |
               +--------+--------+--------+--------+--------+-----+--------+

Top non-repeatable levels by time:
       D: 2232 daAuts
